 Dungeon Crawl Stone Soup version 0.24.0-1-gfbc8707122 (webtiles) character file.

Game seed: 3429086707982715274, levelgen mode: deterministic

56249 tilp the Bludgeoner (level 15, -3/115 HPs)
             Began as a Human Artificer on Oct 28, 2019.
             Was a High Priest of Wu Jian.
             Killed by divine providence
             ... invoked by an orc priest
              (10 damage)
             ... on level 2 of the Orcish Mines on Oct 29, 2019.
             The game lasted 01:25:13 (24029 turns).

tilp the Bludgeoner (Human Artificer)              Turns: 24029, Time: 01:25:14

Health: -3/115     AC: 34    Str: 17    XL:     15   Next: 21%
Magic:  19/19      EV:  9    Int: 11    God:    Wu Jian [*****.]
Gold:   590        SH:  0    Dex: 16    Spells: 14/14 levels left

rFire    + . .     SeeInvis .   U - +0 great mace
rCold    + . .     Gourm    .   (shield currently unavailable)
rNeg     . . .     Faith    .   L - +2 plate armour {rF+}
rPois    .         Spirit   .   o - +5 helmet of Waisa {rC+}
rElec    .         Reflect  .   M - +2 cloak
rCorr    .         Harm     .   A - +2 pair of gloves
MR       ++...                  r - +1 pair of boots
Stlth    ..........             n - amulet of regeneration
HPRegen  0.69/turn              p - +4 ring of protection
MPRegen  0.16/turn              J - ring of protection from magic

@: lightly drained
A: no striking features
a: Wall Jump, Serpent's Lash, Heavenly Storm, Renounce Religion


You were on level 2 of the Orcish Mines.
You worshipped Wu Jian.
Wu Jian was extremely pleased with you.
You were not hungry.

You visited 3 branches of the dungeon, and saw 20 of its levels.
You also visited: Sewer, Ossuary and Volcano.

You collected 1387 gold pieces.
You spent 797 gold pieces at shops.

Inventory:

Hand Weapons
 a - a +0 morningstar
 b - the +8 hand axe of Penygut {flame, rElec Str-2 SInv}
   (You took it off an orc wizard on level 7 of the Dungeon)

   It has been specially enchanted to burn those struck by it, causing extra
   injury to most foes and up to half again as much damage against particularly
   susceptible opponents.
   Big, fiery blades are also staple armaments of hydra-hunters.
   It affects your strength (-2).
   It insulates you from electricity.
   It lets you see invisible.
 U - a +0 great mace (weapon)
Missiles
 C - 51 poisoned darts (quivered)
 K - 35 boomerangs
 T - 13 javelins
Armour
 o - the +5 helmet of Waisa (worn) {rC+}
   (You bought it in a shop on level 4 of the Dungeon)

   It protects you from cold.
 r - a +1 pair of boots (worn)
 A - a +2 pair of gloves (worn)
 D - a scarf of repulsion
 L - a +2 plate armour of fire resistance (worn)
 M - a +2 cloak (worn)
Jewellery
 n - an amulet of regeneration (around neck)
 p - a +4 ring of protection (left hand)
 w - an uncursed ring of flight
 E - an uncursed ring of protection from fire
 F - an uncursed ring of poison resistance
 J - a ring of protection from magic (right hand)
 N - an uncursed ring of ice
Wands
 e - a wand of random effects (2)
 G - a wand of digging (2)
 O - a wand of disintegration (6)
 Q - a wand of iceblast (11)
Scrolls
 g - 4 scrolls of blinking
 j - 15 scrolls of teleportation
 l - 4 scrolls of fear
 m - 5 scrolls of remove curse
 t - 3 scrolls of amnesia
 y - 4 scrolls of enchant weapon
 z - 2 scrolls of magic mapping
 X - 2 scrolls of identify
Potions
 f - 4 potions of mutation
 k - a potion of invisibility
 q - 5 potions of flight
 s - 6 potions of brilliance
 u - 2 potions of might
 v - 2 potions of curing
 H - 3 potions of magic
 I - a potion of agility
 P - 5 potions of berserk rage
 V - 2 potions of lignification
 W - 2 potions of haste
 Z - 2 potions of ambrosia
Miscellaneous
 d - a fan of gales
 R - 2 phantom mirrors
Comestibles
 c - 27 rations
 i - 16 chunks of flesh


   Skills:
 - Level 10.0(9.6) Fighting
   Level 1.0(0.7) Short Blades
 + Level 18.9(18.4) Maces & Flails
 - Level 8.0(7.6) Armour
 - Level 8.0(7.6) Dodging
 - Level 1.0(0.7) Stealth
 - Level 6.0(5.6) Evocations


You had 14 spell levels left.
You didn't know any spells.
Your spell library contained the following spells:

 Spells                   Type           Power        Failure   Level  Hunger
 Animate Skeleton         Necr           N/A          100%        1    ##.....
 Apportation              Tloc           #.....       100%        1    ##.....
 Confusing Touch          Hex            #.....       100%        1    ##.....
 Infusion                 Chrm           #...         100%        1    ##.....
 Summon Small Mammal      Summ           #...         100%        1    ##.....
 Corpse Rot               Necr           N/A          100%        2    ###....
 Ensorcelled Hibernation  Hex/Ice        #.....       100%        2    ###....
 Shroud of Golubria       Chrm/Tloc      #.....       100%        2    ###....
 Song of Slaying          Chrm           #.......     100%        2    ###....
 Confuse                  Hex            #.......     100%        3    ####...
 Gell's Gravitas          Tloc           #.........   100%        3    ####...
 Regeneration             Chrm/Necr      #.........   100%        3    ####...
 Spectral Weapon          Hex/Chrm       #.......     100%        3    ####...
 Stone Arrow              Conj/Erth      #.....       100%        3    ####...
 Leda's Liquefaction      Hex/Erth       #.........   100%        4    #####..
 Petrify                  Tmut/Erth      #.......     100%        4    #####..
 Borgnjor's Vile Clutch   Necr/Erth      #.........   100%        5    ######.
 Metabolic Englaciation   Hex/Ice        #.........   100%        5    ######.
 Silence                  Hex/Air        #.........   100%        5    ######.
 Summon Forest            Summ/Tloc      #.........   100%        5    ######.
 Yara's Violent Unravell  Hex/Tmut       #.........   100%        5    ######.
 Darkness                 Hex            #.........   100%        6    #######
 Hydra Form               Tmut           #.........   100%        6    #######
 Shadow Creatures         Summ           N/A          100%        6    #######
 Summon Hydra             Summ           #.........   100%        7    #######


Dungeon Overview and Level Annotations

Branches:
Dungeon (12/15)            Temple (0/1) D:5            Lair (6/6) D:10
  Swamp (0/4) Lair:4        Snake (0/4) Lair:3        Slime (0/5) Lair:5
    Orc (2/2) D:12            Elf (0/3) Orc:2         Sewer (visited)
Ossuary (visited)         Volcano (visited)

Altars:
Elyvilon
Okawaru
Qazlal
Trog
Wu Jian
Jiyva

Shops:
D:4 [   D:7 *   D:8 =   Orc:2 %*[(

Annotations:
D:11 2 transporters, orehx's ghost, journeyman MiFi
D:12 2 transporters, Naggiasi's ghost, journeyman KoAs


Message History

* * * LOW HITPOINT WARNING * * *
The orc priest invokes the aid of Beogh against you.
Beogh smites you!
* * * LOW HITPOINT WARNING * * *
You spin and attack the orc warrior.
You sock the orc warrior!
The orc warrior is moderately wounded.
The orc warrior hits you but does no damage.
The orc priest mumbles some strange prayers to Beogh against you.
Beogh smites you!
* * * LOW HITPOINT WARNING * * *
You feel better.
The orc warrior hits you but does no damage.
You feel better.
The orc warrior hits you from afar with a +0 trident!
* * * LOW HITPOINT WARNING * * *
The orc warrior hits you with a +0 short sword!
* * * LOW HITPOINT WARNING * * *
The orc priest mumbles some strange prayers to Beogh against you.
Beogh smites you!
You die...

###....### ##.#...# ........##
##..#...#### #####.......##
#..........## ##.##.........##
##..........#
##..#...........####............
..................#oo.)))#.....
........#..).......o....)# ....
.......###)÷............## o<
.......# ###....@.oo...##
.......# ##...........#
......#####.............#
........##..............#
.........#.......##......#
..##........∩....##........
#####...........##.#........ #
##.........#####........ #
#..........#


You could see 3 orc warriors and 2 orc priests.

Vanquished Creatures
  Gastronok (Lair:2)
  Kirke (D:12)
  Nessos (D:12)
  A red draconian (Volcano)
  3 dire elephants (Lair:6)
  Josephine (D:10)
  4 hydras
  A centaur warrior (Volcano)
  Erica (D:8)
  An anaconda (Lair:6)
  A two-headed ogre (D:8)
  8 death yaks
  Urug (D:12)
  2 unseen horrors
  2 orc knights (Orc:2)
  2 orc sorcerers (Orc:2)
  A lindwurm (Lair:6)
  2 manticores
  A cyclops (D:10)
  2 ugly things (D:12)
  4 black mambas
  4 elephants (Lair:6)
  3 spiny frogs
  Psyche (D:8)
  3 centaur skeletons
  A gargoyle (D:12)
  4 komodo dragons
  A yaktaur (Volcano)
  4 rime drakes
  2 trolls
  3 polar bears
  A hornet (D:11)
  12 hippogriffs
  3 bog bodies (Lair:4)
  The ghost of Esekla the Slasher, an amateur OpAK of Lugonu (D:5)
  9 blink frogs
  A shadow (D:12)
  3 wyverns
  A basilisk (Lair:6)
  A human (D:7)
  4 wraiths
  7 hogs
  3 fire bats (Lair:1)
  A hungry ghost (D:11)
  29 yaks
  A warg (Orc:1)
  A swamp worm (Lair:4)
  A soldier ant (D:10)
  2 nagas (Lair:3)
  Edmund (D:3)
  15 water moccasins
  Duvessa (D:4)
  5 porcupines
  2 killer bees (D:10)
  8 orc warriors
  7 sky beasts
  3 black bears
  3 phantoms
  5 ice beasts
  6 ogres
  3 wolves (Lair:6)
  8 centaurs
  5 howler monkeys
  12 crocodiles
  Blork the orc (D:5)
  5 big kobolds
  10 bullfrogs
  A wyvern zombie (D:12)
  Dowan (D:4)
  5 scorpions
  A water moccasin skeleton (D:9)
  5 wights (D:9)
  5 crimson imps
  2 bullfrog zombies
  4 centaur zombies
  5 jellies
  10 hounds
  A human zombie (Ossuary)
  21 orc wizards
  6 orc priests
  2 bullfrog skeletons
  An iguana (D:10)
  7 worker ants
  A killer bee zombie (D:7)
  A hound zombie (D:11)
  2 hound skeletons
  5 mummies
  A worker ant zombie (D:11)
  2 howler monkey skeletons
  2 river rats
  16 adders
  A shadow imp (D:7)
  3 oozes (Sewer)
  3 adder skeletons
  8 worms
  A dart slug (D:1)
  3 leopard geckos
  55 orcs
  7 ball pythons
  9 giant cockroaches
  7 goblins
  9 hobgoblins
  10 jackals
  8 quokkas
  3 bats
  6 frilled lizards
  3 gnoll zombies (Ossuary)
  A goblin zombie (Ossuary)
  A hobgoblin zombie (Ossuary)
  A jackal skeleton (D:8)
  15 kobolds
  A kobold zombie (Ossuary)
  A leopard gecko zombie (D:7)
  An orc zombie (Ossuary)
  A quokka skeleton (D:8)
  11 rats
  3 plants (Lair:6)
527 creatures vanquished.

Vanquished Creatures (collateral kills)
  A hog (D:7)
  A water moccasin (Lair:3)
  A killer bee (D:10)
  A gnoll (D:4)
  2 orcs (D:7)
6 creatures vanquished.

Vanquished Creatures (others)
  A hog (D:7)
  2 killer bees (D:10)
  2 gnolls (D:4)
  An iguana (D:4)
  2 adders (D:5)
  A leopard gecko (D:4)
  5 fungi
  17 plants
31 creatures vanquished.

Grand Total: 564 creatures vanquished

Notes
Turn   | Place    | Note
-------+----------+-------------------------------------------
     0 | D:1      | tilp the Human Artificer began the quest for the Orb.
     0 | D:1      | Reached XP level 1. HP: 15/15 MP: 3/3
   431 | D:1      | Reached XP level 2. HP: 20/21 MP: 4/4
  1568 | D:2      | Reached XP level 3. HP: 26/26 MP: 4/6
  2039 | D:2      | Reached XP level 4. HP: 31/32 MP: 7/7
  2180 | D:2      | Found a faded altar of an unknown god.
  2654 | D:2      | Reached skill level 5 in Evocations
  2987 | D:3      | Reached XP level 5. HP: 31/37 MP: 7/9
  3672 | D:4      | Noticed Edmund
  3993 | D:4      | Killed a howler monkey
  3993 | D:4      | Reached skill level 1 in Armour
  3993 | D:4      | Reached XP level 6. HP: 18/44 MP: 10/10
  4124 | D:4      | Noticed Duvessa
  4257 | D:4      | Reached XP level 7. HP: 49/51 MP: 11/11
  4284 | D:4      | Found Qeuz's Armour Shoppe.
  4518 | D:4      | Found an iron altar of Okawaru.
  4519 | D:4      | Found a white marble altar of Elyvilon.
  4533 | D:3      | Found an ornate altar of the Wu Jian Council.
  4541 | D:3      | Became a worshipper of the Wu Jian Council
  4600 | D:4      | Noticed Dowan
  4615 | D:4      | Killed Duvessa
  4817 | D:4      | Killed Dowan
  4872 | D:5      | Entered Level 5 of the Dungeon
  5038 | D:5      | Found a runed translucent door.
  5042 | D:5      | Noticed Esekla's ghost (amateur OpAK)
  5094 | D:5      | Reached XP level 8. HP: 59/60 MP: 12/12
  5130 | D:5      | Killed Esekla's ghost
  5241 | D:5      | Found a glowing drain.
  5245 | Sewer    | Entered a sewer
  5276 | Sewer    | Reached skill level 1 in Maces & Flails
  5331 | Sewer    | Reached skill level 2 in Maces & Flails
  5592 | Sewer    | Reached * piety under Wu Jian
  5592 | Sewer    | Reached skill level 3 in Maces & Flails
  5836 | D:5      | Noticed Blork the orc
  5845 | D:5      | Killed Blork the orc
  5845 | D:5      | Reached skill level 4 in Maces & Flails
  5950 | D:5      | Reached XP level 9. HP: 56/66 MP: 13/13
  5973 | D:5      | Reached skill level 5 in Maces & Flails
  6125 | D:5      | Reached skill level 6 in Maces & Flails
  6240 | D:5      | Found a staircase to the Ecumenical Temple.
  6460 | D:6      | Reached skill level 7 in Maces & Flails
  6821 | D:6      | Reached ** piety under Wu Jian
  6890 | D:6      | Reached skill level 8 in Maces & Flails
  7728 | D:3      | Killed Edmund
  7853 | D:7      | Found Rydy's Assorted Antiques.
  7866 | D:7      | Bought a scroll of identify for 62 gold pieces
  7937 | D:7      | Reached skill level 9 in Maces & Flails
  7995 | D:7      | Identified the +8 hand axe of Penygut {flame, rElec Str-2
                  | SInv}
  8134 | D:7      | Reached XP level 10. HP: 71/73 MP: 14/14
  8412 | D:7      | Reached skill level 10 in Maces & Flails
  8495 | D:7      | Found a stormy altar of Qazlal.
  8611 | D:8      | Noticed a two-headed ogre
  8719 | D:8      | Noticed a two-headed ogre
  8884 | D:8      | Found a sand-covered staircase.
  8891 | Ossuary  | Entered an ossuary
  8941 | Ossuary  | Reached *** piety under Wu Jian
  9143 | D:8      | Reached skill level 11 in Maces & Flails
  9152 | D:8      | Noticed Erica
  9207 | D:8      | Killed Erica
  9324 | D:8      | Found Umamp's Jewellery Shoppe.
  9360 | D:8      | Noticed Psyche
  9368 | D:8      | Killed Psyche
  9484 | D:8      | Reached skill level 12 in Maces & Flails
  9644 | D:8      | Reached XP level 11. HP: 77/78 MP: 15/15
  9705 | D:8      | Killed a two-headed ogre
 10040 | D:9      | Reached skill level 13 in Maces & Flails
 10323 | D:9      | Found a bloodstained altar of Trog.
 10625 | D:10     | Entered Level 10 of the Dungeon
 10646 | D:10     | Reached **** piety under Wu Jian
 11003 | D:10     | Reached skill level 14 in Maces & Flails
 11181 | D:10     | Noticed Josephine
 11551 | D:10     | Noticed a cyclops
 11599 | D:10     | Killed a cyclops
 11630 | D:10     | Killed Josephine
 11809 | D:10     | Found a staircase to the Lair.
 12638 | D:11     | Reached XP level 12. HP: 84/84 MP: 16/16
 12643 | D:11     | Reached ***** piety under Wu Jian
 12658 | D:11     | Noticed orehx's ghost (journeyman MiFi)
 12670 | D:11     | Reached skill level 15 in Maces & Flails
 12752 | D:11     | Found a transporter.
 13246 | D:11     | Found a transporter.
 13338 | D:10     | Noticed an unseen horror
 13350 | D:10     | Killed an unseen horror
 13861 | D:10     | Reached skill level 16 in Maces & Flails
 14474 | Lair:1   | Entered Level 1 of the Lair of Beasts
 14583 | D:8      | Bought an uncursed ring of protection from fire for 300
                  | gold pieces
 14685 | Lair:1   | Noticed an eight-headed hydra
 14701 | Lair:1   | Killed an eight-headed hydra
 14701 | Lair:1   | Reached skill level 5 in Fighting
 14711 | Lair:1   | Reached skill level 5 in Armour
 14769 | Lair:1   | Found a dark tunnel.
 14793 | Volcano  | Entered a volcano
 14821 | Volcano  | Noticed a red draconian
 14847 | Volcano  | Killed a red draconian
 14847 | Volcano  | Reached skill level 5 in Dodging
 14911 | Volcano  | Noticed a centaur warrior
 14927 | Volcano  | Killed a centaur warrior
 15351 | Lair:1   | Reached XP level 13. HP: 76/93 MP: 17/17
 15771 | Lair:2   | Noticed Gastronok
 16162 | Lair:2   | Noticed a four-headed hydra
 16170 | Lair:2   | Killed a four-headed hydra
 16525 | Lair:2   | Killed Gastronok
 17003 | Lair:3   | Found a staircase to the Snake Pit.
 17505 | Lair:3   | Noticed a six-headed hydra
 17513 | Lair:3   | Killed a six-headed hydra
 17775 | Lair:4   | You fall into a shaft and drop 2 floors!
 17775 | Lair:6   | Entered Level 6 of the Lair of Beasts
 18122 | Lair:5   | Noticed an eight-headed hydra
 18623 | Lair:4   | Reached XP level 14. HP: 101/108 MP: 18/18
 18948 | Lair:4   | Reached skill level 10 in Fighting
 19561 | Lair:4   | Found a staircase to the Swamp.
 19757 | Lair:5   | Found a staircase to the Slime Pits.
 19759 | Lair:5   | Found a viscous altar of Jiyva.
 20347 | Lair:6   | Reached skill level 17 in Maces & Flails
 21351 | Lair:6   | Noticed a dire elephant
 21507 | Lair:6   | Killed a dire elephant
 21597 | Lair:6   | Noticed a dire elephant
 21597 | Lair:6   | Noticed a dire elephant
 21620 | Lair:6   | Killed a dire elephant
 21644 | Lair:6   | Killed a dire elephant
 21757 | Lair:6   | Identified a scroll of acquirement
 22182 | D:4      | Bought the +5 helmet of Waisa {rC+} for 435 gold pieces
 22513 | D:12     | Reached skill level 18 in Maces & Flails
 22562 | D:12     | Found a staircase to the Orcish Mines.
 22615 | D:12     | Noticed Urug
 22639 | D:12     | Killed Urug
 22654 | D:12     | Noticed Nessos
 22717 | D:12     | Killed Nessos
 22948 | D:12     | Noticed Kirke
 22959 | D:12     | Killed Kirke
 22959 | D:12     | Reached XP level 15. HP: 106/115 MP: 19/19
 23077 | D:12     | Identified the cursed +1 great sword of the Vanishing Stars
                  | {slice, +Fly rElec rC++ Dex-5}
 23078 | D:12     | Identified the +3 long sword "Ogre's Demise" {holy, Dex+3
                  | Stlth+}
 23079 | D:12     | Noticed Naggiasi's ghost (journeyman KoAs)
 23080 | D:12     | Identified the cursed +2 giant spiked club "Sots"
                  | {antimagic, +Blink Str+3 Dex-4 SInv}
 23084 | D:12     | Found a transporter.
 23086 | D:12     | Found a transporter.
 23087 | D:12     | Found a bloodstained altar of Trog.
 23326 | Orc:1    | Entered Level 1 of the Orcish Mines
 23384 | Orc:2    | Entered Level 2 of the Orcish Mines
 23581 | Orc:2    | Found Zev Mone's Antique Armour Shop.
 23721 | Orc:2    | Found a staircase to the Elven Halls.
 23825 | Orc:2    | Found Wuud's General Store.
 23871 | Orc:2    | Paralysed by an orc sorcerer for 2 turns
 23884 | Orc:2    | Found Haacriwea's Antique Weapon Emporium.
 23938 | Orc:2    | Found Fuziakab's Food Emporium.
 24018 | Orc:2    | HP: 2/115 [orc warrior/+0 trident[an orc knight] (16)]
 24024 | Orc:2    | HP: 2/115 [orc priest/divine providence (10)]
 24029 | Orc:2    | Killed from afar by an orc priest

Levels and vault maps discovered:
D:1:      wander_arrival_lonely_grave, layout_basic
D:2:      layout_loops_corners, first_ration, chequers_ecumenical_altar_twisty,
          minmay_worlds_worst_comb
D:3:      layout_rooms, nicolae_overflow_hidden_temple
D:4:      layout_cave_pools, gammafunk_temple_overflow_pools, serial_shops,
          nicolae_shop_temple_entry_statues_fountains, kennysheep_boxes,
          uniq_duvessa, uniq_edmund
D:5:      layout_basic, temple_fountains, ebering_ghost_sewer_d,
          gup_sewer_entry_bowl, uniq_blork_the_orc
D:6:      layout_basic
D:7:      layout_basic, serial_shops, nicolae_shop_statue_plus, grunt_livestock,
          nicolae_qazlal_style_of_elements
D:8:      layout_basic, serial_shops, nicolae_shop_statue_plus,
          gup_ossuary_entry_pyramid, uniq_psyche, uniq_erica
D:9:      layout_grid_maze, trog_ov_bears_minmay
D:10:     layout_stronghold, david_lair_shrubbed, uniq_josephine
D:11:     layout_cave_pools, gammafunk_ghost_stat_death
D:12:     layout_rooms, orc_0_dummy, gammafunk_ghost_wrathful_warriors,
          uniq_urug, uniq_nessos, uniq_kirke
Lair:1:   layout_regular_city, nicolae_volcano_entry_batcave
Lair:2:   layout_chaotic_city, uniq_gastronok
Lair:3:   layout_big_grid, guppyfry_snake_entry_garden,
          chequers_serial_rivers_large_a
Lair:4:   layout_cave_pods, nicolae_swamp_entry_splash_gauntlet,
          beast_lair_carwin_11
Lair:5:   layout_misc_corridors, slime_altar_1
Lair:6:   due_jungle_book, layout_gridlike, serial_bayou_pond_d,
          nicolae_quartered_pool_super, serial_bayou_shore_a
Orc:1:    orc_temple, layout_diamond_mine, minmay_shop_enchanted_jewellery
Orc:2:    st_orc_pillars, layout_diamond_mine, basic_altar, serial_shops,
          nicolae_shop_trees, shop, shop, shop, shop

Skill      XL: |  1  2  3  4  5  6  7  8  9 10 11 12 13 14 |
---------------+-------------------------------------------+-----
Evocations     | 4 5 6 |  6.0
Armour         | 1 2 3 4 6 8 |  8.0
Fighting       | 2 3 4 6 9 10 | 10.0
Dodging        | 3 4 5 8 |  8.0
Maces & Flails | 4 9 12 14 16 18 | 18.9
Short Blades   | |  1.0
Stealth        | |  1.0

Action                   |  1- 3 |  4- 6 |  7- 9 | 10-12 | 13-15 || total
-------------------------+-------+-------+-------+-------+-------++-------
Melee: Short sword       |   115 |    46 |       |       |       ||   161
       Flail             |       |   149 |   450 |       |       ||   599
       Hand axe          |       |       |     5 |   396 |       ||   401
       Morningstar       |       |       |       |   586 |   661 ||  1247
       Great mace        |       |       |       |       |   633 ||   633
Throw: Stone             |       |     3 |       |       |       ||     3
       Dart              |       |    16 |    19 |     7 |     9 ||    51
       Boomerang         |       |       |       |     2 |       ||     2
Invok: Lunge             |       |       |    18 |    68 |   100 ||   186
       Whirlwind         |       |       |       |    78 |   182 ||   260
       Serpent's Lash    |       |       |       |     1 |     1 ||     2
       Heavenly Storm    |       |       |       |     1 |     1 ||     2
Evoke: Wand              |     8 |    11 |     7 |    39 |    21 ||    86
       Box of beasts     |       |       |       |       |     1 ||     1
       Phantom mirror    |       |       |       |       |     1 ||     1
  Use: Scroll            |       |     9 |    10 |    12 |    11 ||    42
       Potion            |       |       |     4 |    11 |    13 ||    28
 Stab: Sleeping          |     2 |       |       |       |       ||     2
       Distracted        |       |       |     1 |       |     1 ||     2
  Eat: Ration            |     1 |       |       |     2 |     1 ||     4
       Chunk             |       |     8 |    13 |    21 |    26 ||    68
Armor: Leather armour    |    21 |       |       |       |       ||    21
       Ring mail         |     7 |     9 |       |       |       ||    16
       Chain mail        |       |    29 |       |       |       ||    29
       Plate armour      |       |   100 |   336 |   825 |   797 ||  2058
       Skin              |       |       |     6 |    11 |       ||    17
Dodge: Dodged            |    75 |    52 |   110 |   281 |   402 ||   920
       Deflected         |       |       |     5 |       |       ||     5
